Workbook

Sheet 1-Indicator Characteristics
A1: Supplemental Table S1.1 Basic Indicator Characteristics
A2: Indicator | B2: Definition & Unit | C2: Role in Model | D2: Data Source | E2: Reference
A3: Year | B3: Calendar year (time index) | C3: Time variable | E3: 1. Mbau R, Musiega A, Nyawira L, Tsofa B, Mulwa A, Molyneux S, et al. Analysing the Efficiency of Health Systems: A Systematic Review of the Literature. Applied Health Economics and Health Policy. 2023;21(2):205-24. 2. Rasi V, Delgoshaee B, Maleki M. Identification of common indicators of hospital performance evaluation models: A scoping review. J Educ Health Promot. 2020;9:63. 3. Heenan MA, Randall GE, Evans JM, Reid EM. Multiple case study of processes used by hospitals to select performance indicators: do they align with best practices? Int J Qual Health Care. 2024;36(1). 4. Veillard J, Champagne F, Klazinga N, Kazandjian V, Arah OA, Guisset A-L. A performance assessment framework for hospitals: the WHO regional office for Europe PATH project. International Journal for Quality in Health Care. 2005;17(6):487-96. 5. Heenan MA, Randall GE, Evans JM. Selecting Performance Indicators and Targets in Health Care: An International Scoping Review and Standardized Process Framework. Risk Manag Healthc Policy. 2022;15:747-64. 6. Leleu H, Al-Amin M, Rosko M, Valdmanis VG. A robust analysis of hospital efficiency and factors affecting variability. Health Serv Manage Res. 2018;31(1):33-42. 7. Groene O, Klazinga N, Kazandjian V, Lombrail P, Bartels P. The World Health Organization Performance Assessment Tool for Quality Improvement in Hospitals (PATH): an analysis of the pilot implementation in 37 hospitals. Int J Qual Health Care. 2008;20(3):155-61. 8. Zhou Y. Study on the evaluation of social benefit of large-scale hospital construction projects [Master]2018. 9. Tong X. Research on Performance Assessment of the National Basic Public Health Services Project ——With Hubei Province as an example [Doctor]: Huazhong University of Science and Technology; 2018. 10. Lian L, Cao D, Li S, Zhan X, Wang X. Evaluation of the provision and utilization of basic public health services in Jiangsu province: a cross-sectional online survey. Chinese Journal of Public Health. 2024;40(05):550-5. 11. Cao D, Guo H, Li S, Wang X, Chen J. Development of a conceptual framework and indicator system for evaluating basic public health service projects: a literature review and expert consultation study. Chinese Journal of Public Health. 2024;40(09):1095-102. 12. Zhang Z. Evaluation Study on Qinghai Health Service Project (Health VIII) supported by World Bank Loans [Doctor]: Fudan University; 2008.
A4: China_DALYs | B4: National DALYs (number of DALYs) | C4: Benchmark Variable / Reference Outcome Variable | D4: GBD public database
A5: China_population | B5: National population (10,000 persons) | C5: Scaling Variable / Contextual Control Variable | D5: China Statistical Yearbook
A6: N_DALYs | B6: Regional DALYs in City N (number of DALYs) | C6: Dependent Variable / Outcome Variable | D6: Calculation based on national-level data
A7: N_population | B7: Regional population of City N (10,000 persons) | C7: Explanatory Variable / Normalization Variable | D7: Local statistical yearbooks
A8: N_GDP per capita | B8: GDP per capita of City N (CNY/ person) | C8: Explanatory Variable / Benchmark Variable for Socio-economic Benefit evaluation | D8: Local statistical yearbooks
A9: Government Health Expenditure (GHE) | B9: Public health expenditure of City N (CNY) | C9: Explanatory Variable | D9: Local health statistical yearbooks/ Local Health Commission reports
A10: Health Expenditure (HE) per capita | B10: Per capita health expenditure of City N (CNY/ person) | C10: Explanatory Variable | D10: Local health statistical yearbooks/ Local Health Commission reports
A11: Beds | B11: Number of hospital beds of City N (beds) | C11: Explanatory Variable / Key Scenario Simulation Variable | D11: Local health statistical yearbooks / Hospital reports
A12: Certified (Assistant) Doctors | B12: Number of licensed physicians of City N (person) | C12: Explanatory Variable / Key Scenario Simulation Variable | D12: Local health statistical yearbooks / Hospital reports
A13: Nurses | B13: Number of registered nurses of City N (person) | C13: Explanatory Variable / Key Scenario Simulation Variable | D13: Local health statistical yearbooks / Hospital reports
A14: Outpatients and Emergency visits (OEVs) | B14: Annual outpatient and emergency visits of City N (cases) | C14: Explanatory Variable / Key Scenario Simulation Variable | D14: Local health statistical yearbooks / Hospital reports
A15: Number of Inpatients | B15: Annual inpatient admissions of City N (cases) | C15: Explanatory Variable | D15: Local health statistical yearbooks / Hospital reports
A17: Supplemental Table S1.2 Glossary of Abbreviations
A18: Abbreviation | B18: Full English Term
A19: DALYs | B19: Disability-Adjusted Life Years
A20: GDP | B20: Gross Domestic Product
A21: GHE | B21: Government Health Expenditure
A22: HE | B22: Health Expenditure
A23: OEVs | B23: Outpatients and Emergency visits
A24: GBD | B24: Global Burden of Disease
A25: TSA | B25: Time Series Analysis
A26: WDP | B26: Willing Distance to Pay
A27: MAPE | B27: Mean Absolute Percentage Error

Sheet 2-DALYs & Historical Data
A1: Supplemental Table S2.1 Data Collection Form
A2: Year | B2: China_DALYs | C2: N_DALYs* | D2: China_population(10,000 people) | E2: N_population(10,000 people) | F2: N GDP per capita | G2: Government Health Expenditure | H2: Health Expenditure per capita | I2: Beds | J2: Certified (Assistant) Doctors | K2: Nurses | L2: Outpatients and Emergency visits | M2: Number of Inpatients
A3: 2009 | B3: These datasets used and/or analyzed during the current study are available from the corresponding author on reasonable request.
A4: 2010
A5: 2011
A6: 2012
A7: 2013
A8: 2014
A9: 2015
A10: 2016
A11: 2017
A12: 2018
A13: 2019
B16: *DALYs attributable to Cardiovascular diseases and Neoplasms in Ncity were calculated by using estimated national DALYs attributable to Cardiovascular diseases and Neoplasms adjusted to the urban level based on the proportion of the population.
B18: N_DALYs / N_population = China_DALYs / China_population
B20: Source: IHME. https://www.healthdata.org/data-tools-practices/interactive-visuals/gbd-results

Sheet 3-Grey model
A1: Supplemental Table S3.1 Projection of DALYs and related indicators under the Counterfactual Scenario
A2: Variables | B2: Year | C2: N_DALYs | D2: N_population(10,000 people) | E2: N_GDP per capita | F2: Government Health Expenditure | G2: Health Expenditure per capita | H2: Beds | I2: Certified (Assistant) Doctors | J2: Nurses | K2: Outpatients and Emergency visits | L2: Number of Inpatients
A3: Abbreviation | B3: Year | C3: N_DALYs | D3: N_pop | E3: N_GDP peca | F3: GHE | G3: HE peca | H3: Beds | I3: Docs | J3: Nurs | K3: OEVs | L3: NoInp
A4: Dataset | B4: 2009 | C4: These datasets used and/or analyzed during the current study are available from the corresponding author on reasonable request.
B5: 2010
B6: 2011
B7: 2012
B8: 2013
B9: 2014
B10: 2015
B11: 2016
B12: 2017
B13: 2018
B14: 2019
B15: 2020 | C15: 302486.26 | D15: 268.9507 | E15: 83302.948 | F15: 409049.9 | G15: 1548.2618 | H15: 18529.562 | I15: 5971.4281 | J15: 8659.3437 | K15: 17095023
B16: 2021 | C16: 305549.39 | D16: 269.47306 | E16: 92061.483 | F16: 463305.89 | G16: 1795.9221 | H16: 19412.44 | I16: 6114.5907 | J16: 9144.7417 | K16: 17549687
B17: 2022 | C17: 308643.54 | D17: 269.99644 | E17: 101740.9 | F17: 524758.33 | G17: 2083.1982 | H17: 20337.385 | I17: 6261.1856 | J17: 9657.3486 | K17: 18016443
B18: 2023 | C18: 311769.02 | D18: 270.52083 | E18: 112438.01 | F18: 594361.77 | G18: 2416.4271 | H18: 21306.401 | I18: 6411.295 | J18: 10198.69 | K18: 18495614
B19: 2024 | C19: 314926.16 | D19: 271.04624 | E19: 124259.83 | F19: 673197.34 | G19: 2802.9594 | H19: 22321.587 | I19: 6565.0033 | J19: 10770.375 | K19: 18987528
B20: 2025 | C20: 318115.26 | D20: 271.57267 | E20: 137324.6 | F20: 762489.58 | G20: 3251.3214 | H20: 23385.144 | I20: 6722.3966 | J20: 11374.107 | K20: 19492526
B21: 2026 | C21: 321336.66 | D21: 272.10013 | E21: 151763.01 | F21: 863625.47 | G21: 3771.4036 | H21: 24499.376 | I21: 6883.5634 | J21: 12011.68 | K21: 20010954
B22: 2027 | C22: 324590.68 | D22: 272.6286 | E22: 167719.49 | F22: 978175.91 | G22: 4374.6782 | H22: 25666.698 | I22: 7048.5941 | J22: 12684.993 | K22: 20543171
B23: 2028 | C23: 327877.65 | D23: 273.15811 | E23: 185353.64 | F23: 1107920.2 | G23: 5074.4527 | H23: 26889.639 | I23: 7217.5814 | J23: 13396.048 | K23: 21089543
B24: 2029 | C24: 331197.91 | D24: 273.68864 | E24: 204841.87 | F24: 1254873.7 | G24: 5886.1634 | H24: 28170.85 | I24: 7390.6201 | J24: 14146.961 | K24: 21650447
B25: 2030 | C25: 334551.79 | D25: 274.2202 | E25: 226379.1 | F25: 1421318.9 | G25: 6827.7155 | H25: 29513.107 | I25: 7567.8072 | J25: 14939.966 | K25: 22226268
B26: 2031 | C26: 337939.63 | D26: 274.7528 | E26: 250180.77 | F26: 1609841.3 | G26: 7919.8785 | H26: 30919.318 | I26: 7749.2424 | J26: 15777.423 | K26: 22817404
... B30: 2035 | C30: 351837.57 | D30: 276.89355 | E30: 373185.1 | F30: 2649409.9 | G30: 14338.078 | H30: 37246.873 | I30: 8519.5369 | J30: 19623.747 | K30: 25343406
B32: Supplemental Table S3.2 Performance of GM Models
B33: parameter | C33: NaDALYs | D33: Napop | E33: NaGDP peca | F33: GHE | G33: HE peca | H33: Beds | I33: Docs | J33: Nurs | K33: OEVs | L33: NoInp
B34: a | C34: -0.010075585 | D34: -0.0019403349 | E34: -0.099972707 | F34: -0.12455034 | G34: -0.14838573 | H34: -0.046546705 | I34: 0.023691725 | J34: =-0.0545400985673889 -> -0.054540099 | K34: =-0.0262487469206649 -> -0.026248747 | L34: 0.0092627528
B35: u | C35: 269120.08 | D35: 262.96393 | E35: 26792.704 | F35: 102846.02 | G35: 296.15302 | H35: 10927.953 | I35: 4777.1591 | J35: 4667.6504 | K35: 12749149 | L35: 495400.71
B36: C | C36: 0.11594102 | D36: 0.023378978 | E36: 0.0056290877 | F36: 0.079207496 | G36: 0.044624093 | H36: 0.2004988 | I36: 0.12804577 | J36: 0.086359534 | K36: 0.089628224 | L36: 0.29482381
B37: P | C37: 1 | D37: 1 | E37: 1 | F37: 1 | G37: 1 | H37: 1 | I37: 1 | J37: 1 | K37: 1 | L37: 0.77777778
B38: Note | I38: *drop 2009，2010 | L38: ×

Sheet 4-Counterfactual Dataset（Ln）
A1: Supplemental Table S4.1 Original and log-transformed counterfactual datasets
A2: Year | B2: N_DALYs | C2: Napop | D2: N_GDP peca | E2: GHE | F2: HE peca | G2: Beds | H2: Docs | I2: Nurs | J2: OEVs | L2: lnN_DALYs | M2: lnN_pop | N2: lnN_GDP peca | O2: lnGHE | P2: lnHE peca | Q2: lnBeds | R2: lnDocs | S2: lnNurs | T2: lnOEVs
A3: 2009 | B3: These datasets used and/or analyzed during the current study are available from the corresponding author on reasonable request. | L3: These datasets used and/or analyzed during the current study are available from the corresponding author on reasonable request.
A4: 2010
A5: 2011
A6: 2012
A7: 2013
A8: 2014
A9: 2015
A10: 2016
A11: 2017
A12: 2018
A13: 2019
A14: 2020 | B14: 302486.26 | C14: 268.9507 | D14: 83302.948 | E14: 409049.9 | F14: 1548.2618 | G14: 18529.562 | H14: 5971.4281 | I14: 8659.3437 | J14: 17095023 | L14: =LN(B14) -> 12.619791 | M14: =LN(C14) -> 5.5945281 | N14: =LN(D14) -> 11.330239 | O14: =LN(E14) -> 12.921592 | P14: =LN(F14) -> 7.3448882 | Q14: =LN(G14) -> 9.8271227 | R14: =LN(H14) -> 8.6947414 | S14: =LN(I14) -> 9.0663942 | T14: =LN(J14) -> 16.654298
A15: 2021 | B15: 305549.39 | C15: 269.47306 | D15: 92061.483 | E15: 463305.89 | F15: 1795.9221 | G15: 19412.44 | H15: 6114.5907 | I15: 9144.7417 | J15: 17549687 | L15: =LN(B15) -> 12.629867 | M15: =LN(C15) -> 5.5964684 | N15: =LN(D15) -> 11.430212 | O15: =LN(E15) -> 13.046143 | P15: =LN(F15) -> 7.4932739 | Q15: =LN(G15) -> 9.8736694 | R15: =LN(H15) -> 8.7184331 | S15: =LN(I15) -> 9.1209343 | T15: =LN(J15) -> 16.680547
A16: 2022 | B16: 308643.54 | C16: 269.99644 | D16: 101740.9 | E16: 524758.33 | F16: 2083.1982 | G16: 20337.385 | H16: 6261.1856 | I16: 9657.3486 | J16: 18016443 | L16: =LN(B16) -> 12.639942 | M16: =LN(C16) -> 5.5984088 | N16: =LN(D16) -> 11.530185 | O16: =LN(E16) -> 13.170693 | P16: =LN(F16) -> 7.6416596 | Q16: =LN(G16) -> 9.9202161 | R16: =LN(H16) -> 8.7421248 | S16: =LN(I16) -> 9.1754744 | T16: =LN(J16) -> 16.706795
A17: 2023 | B17: 311769.02 | C17: 270.52083 | D17: 112438.01 | E17: 594361.77 | F17: 2416.4271 | G17: 21306.401 | H17: 6411.295 | I17: 10198.69 | J17: 18495614 | L17: =LN(B17) -> 12.650018 | M17: =LN(C17) -> 5.6003491 | N17: =LN(D17) -> 11.630157 | O17: =LN(E17) -> 13.295243 | P17: =LN(F17) -> 7.7900453 | Q17: =LN(G17) -> 9.9667628 | R17: =LN(H17) -> 8.7658166 | S17: =LN(I17) -> 9.2300145 | T17: =LN(J17) -> 16.733044
A18: 2024 | B18: 314926.16 | C18: 271.04624 | D18: 124259.83 | E18: 673197.34 | F18: 2802.9594 | G18: 22321.587 | H18: 6565.0033 | I18: 10770.375 | J18: 18987528 | L18: =LN(B18) -> 12.660093 | M18: =LN(C18) -> 5.6022894 | N18: =LN(D18) -> 11.73013 | O18: =LN(E18) -> 13.419794 | P18: =LN(F18) -> 7.9384311 | Q18: =LN(G18) -> 10.01331 | R18: =LN(H18) -> 8.7895083 | S18: =LN(I18) -> 9.2845546 | T18: =LN(J18) -> 16.759293
A19: 2025 | B19: 318115.26 | C19: 271.57267 | D19: 137324.6 | E19: 762489.58 | F19: 3251.3214 | G19: 23385.144 | H19: 6722.3966 | I19: 11374.107 | J19: 19492526 | L19: =LN(B19) -> 12.670169 | M19: =LN(C19) -> 5.6042298 | N19: =LN(D19) -> 11.830103 | O19: =LN(E19) -> 13.544344 | P19: =LN(F19) -> 8.0868168 | Q19: =LN(G19) -> 10.059856 | R19: =LN(H19) -> 8.8132 | S19: =LN(I19) -> 9.3390947 | T19: =LN(J19) -> 16.785542
A20: 2026 | B20: 321336.66 | C20: 272.10013 | D20: 151763.01 | E20: 863625.47 | F20: 3771.4036 | G20: 24499.376 | H20: 6883.5634 | I20: 12011.68 | J20: 20010954 | L20: =LN(B20) -> 12.680245 | M20: =LN(C20) -> 5.6061701 | N20: =LN(D20) -> 11.930075 | O20: =LN(E20) -> 13.668894 | P20: =LN(F20) -> 8.2352025 | Q20: =LN(G20) -> 10.106403 | R20: =LN(H20) -> 8.8368917 | S20: =LN(I20) -> 9.3936348 | T20: =LN(J20) -> 16.81179
A21: 2027 | B21: 324590.68 | C21: 272.6286 | D21: 167719.49 | E21: 978175.91 | F21: 4374.6782 | G21: 25666.698 | H21: 7048.5941 | I21: 12684.993 | J21: 20543171 | L21: =LN(B21) -> 12.69032 | M21: =LN(C21) -> 5.6081104 | N21: =LN(D21) -> 12.030048 | O21: =LN(E21) -> 13.793445 | P21: =LN(F21) -> 8.3835882 | Q21: =LN(G21) -> 10.15295 | R21: =LN(H21) -> 8.8605835 | S21: =LN(I21) -> 9.4481749 | T21: =LN(J21) -> 16.838039
A22: 2028 | B22: 327877.65 | C22: 273.15811 | D22: 185353.64 | E22: 1107920.2 | F22: 5074.4527 | G22: 26889.639 | H22: 7217.5814 | I22: 13396.048 | J22: 21089543 | L22: =LN(B22) -> 12.700396 | M22: =LN(C22) -> 5.6100508 | N22: =LN(D22) -> 12.130021 | O22: =LN(E22) -> 13.917995 | P22: =LN(F22) -> 8.531974 | Q22: =LN(G22) -> 10.199496 | R22: =LN(H22) -> 8.8842752 | S22: =LN(I22) -> 9.502715 | T22: =LN(J22) -> 16.864288
A23: 2029 | B23: 331197.91 | C23: 273.68864 | D23: 204841.87 | E23: 1254873.7 | F23: 5886.1634 | G23: 28170.85 | H23: 7390.6201 | I23: 14146.961 | J23: 21650447 | L23: =LN(B23) -> 12.710471 | M23: =LN(C23) -> 5.6119911 | N23: =LN(D23) -> 12.229994 | O23: =LN(E23) -> 14.042545 | P23: =LN(F23) -> 8.6803597 | Q23: =LN(G23) -> 10.246043 | R23: =LN(H23) -> 8.9079669 | S23: =LN(I23) -> 9.5572551 | T23: =LN(J23) -> 16.890537
A24: 2030 | B24: 334551.79 | C24: 274.2202 | D24: 226379.1 | E24: 1421318.9 | F24: 6827.7155 | G24: 29513.107 | H24: 7567.8072 | I24: 14939.966 | J24: 22226268 | L24: =LN(B24) -> 12.720547 | M24: =LN(C24) -> 5.6139315 | N24: =LN(D24) -> 12.329966 | O24: =LN(E24) -> 14.167096 | P24: =LN(F24) -> 8.8287454 | Q24: =LN(G24) -> 10.29259 | R24: =LN(H24) -> 8.9316586 | S24: =LN(I24) -> 9.6117952 | T24: =LN(J24) -> 16.916785
A25: 2031 | B25: 337939.63 | C25: 274.7528 | D25: 250180.77 | E25: 1609841.3 | F25: 7919.8785 | G25: 30919.318 | H25: 7749.2424 | I25: 15777.423 | J25: 22817404 | L25: =LN(B25) -> 12.730623 | M25: =LN(C25) -> 5.6158718 | N25: =LN(D25) -> 12.429939 | O25: =LN(E25) -> 14.291646 | P25: =LN(F25) -> 8.9771311 | Q25: =LN(G25) -> 10.339136 | R25: =LN(H25) -> 8.9553504 | S25: =LN(I25) -> 9.6663353 | T25: =LN(J25) -> 16.943034
... A29: 2035 | B29: 351837.57 | C29: 276.89355 | D29: 373185.1 | E29: 2649409.9 | F29: 14338.078 | G29: 37246.873 | H29: 8519.5369 | I29: 19623.747 | J29: 25343406 | L29: =LN(B29) -> 12.770925 | M29: =LN(C29) -> 5.6236331 | N29: =LN(D29) -> 12.82983 | O29: =LN(E29) -> 14.789847 | P29: =LN(F29) -> 9.570674 | Q29: =LN(G29) -> 10.525323 | R29: =LN(H29) -> 9.0501173 | S29: =LN(I29) -> 9.8844957 | T29: =LN(J29) -> 17.048029

Sheet 5-Coefficient
A1: Supplemental Table S5.1 Parameter test results of multiple linear regression model
A2: Dependent Variable | B2: R2 | C2: SE | D2: ANOVA
D3: F | E3: P
A4: Ln_N_DALYs | B4: 1 | C4: ＜0.01 | D4: 59569.81 | E4: ＜0.001
A5: OEVs | B5: 1 | C5: 1739.32 | D5: 26217.32 | E5: ＜0.001
A7: Supplemental Table S5.2 Indicator coefficient results of multiple linear regression model
A8: Model | C8: B | D8: SE | E8: t | F8: P
A9: Dependent Variable | B9: Explanatory Variable
A10: Ln_N_DALYs | B10: Ln_ GDP Per capita | C10: 0.15 | D10: 0.01 | E10: 15.59 | F10: ＜0.001
B11: Ln_ Population | C11: 0.94 | D11: 0.05 | E11: 23.38 | F11: ＜0.001
B12: Ln_Beds | C12: -0.1 | D12: 0.01 | E12: -17.02 | F12: ＜0.001
B13: Ln_Doctors | C13: 0.11 | D13: 0.02 | E13: 8.75 | F13: ＜0.001
B14: Ln_ HE Per capita | C14: -0.02 | D14: 0.01 | E14: -3.97 | F14: ＜0.001
B15: Ln_OEVs | C15: -0.05 | D15: 0.02 | E15: -3.75 | F15: 0.001
A16: OEVs | B16: Docs | C16: -3935.99 | D16: 644.68 | E16: -6.11 | F16: ＜0.001
B17: Nurs | C17: 3232.11 | D17: 240.1 | E17: 13.46 | F17: ＜0.001

Sheet 6-Distance Issue
A1: Supplemental Table S6.1 Distances from different districts to the new hospital and to the old hospital
A2: Districts and counties | B2: The Old Hospital | E2: The New Hospital | H2: Difference
B3: Distance to hospital (km) | C3: Whether the distance is less than the WDP | E3: Distance to hospital (km) | F3: Whether the distance is less than the WDP
A4: A | B4: These datasets used and/or analyzed during the current study are available from the corresponding author on reasonable request. | C4: 1 | E4: These datasets used and/or analyzed during the current study are available from the corresponding author on reasonable request. | F4: 0
A5: B | C5: 1 | F5: 0
A6: C | C6: 1 | F6: 1
A7: D | C7: 0 | F7: 1
A8: E | C8: 0 | F8: 1
A9: F | C9: 0 | F9: 0
A10: G | C10: 0 | F10: 0
A11: H | C11: 0 | F11: 0
A12: I | C12: 0 | F12: 1
A13: J | C13: 0 | F13: 0
A14: AVG | B14: 121.4 | E14: 82.6 | H14: -38.8
A15: SUM | C15: 3 | F15: =SUM(F4:F13) -> 4 | H15: 1
A17: Note: If a district is located within 87 km of the hospital, patients are considered willing to travel to the hospital for medical treatment (coded as 1); otherwise, the district is coded as 0. The proportion of districts with a value of 1 can then be used to estimate the additional service volume attributable to the new hospital.
A19: Note: Based on the analysis results, we simulated a one‑third increase in OEVs
A22: Reference: Chen X, Feng J. Medical Insurance Reimbursement Benefits and Patients’ Choice of Cross-region Medical Treatment: Based on Spatial Distance, Hospital Level and Medical Insurance Benefits. Journal of Quantitative & Technological Economics. 2024;41(04):131-52.

Sheet 7-Simulation Setting
A1: Supplemental Table S7.1 Scenario analysis settings
A2: year | B2: beds | C2: Docs | D2: Nurses | E2: OEVs | G2: add_OEVs | I2: Beds | J2: actual Beds | K2: ln_actual Beds | L2: Docs | M2: actual Docs | N2: ln_actual Docs | O2: Nurs | P2: actual Nurs | Q2: ln_actual Nurs | R2: OEVs | S2: actual OEVs | T2: ln_actual OEVs
A3: 2009 | B3: 950 | C3: 505 | D3: 615 | E3: 565000
A4: 2010 | B4: These datasets used and/or analyzed during the current study are available from the corresponding author on reasonable request.
A5: 2011
A6: 2012
A7: 2013
A8: 2014
A9: 2015
A10: 2016
A11: 2017
A12: 2018
A13: 2019 | B13: 1550 | C13: 585 | D13: 830 | E13: 945000
A14: 2020
A15: 2021
A16: 2022
A17: 2023
A18: 2024
A19: 2025 | B19: 1000 | C19: 300 | D19: =C19*1.2 -> 360 | E19: =C19*$C$33+D19*$D$33+$B$33 -> 545583.05 | G19: =E19*(1+1/3) -> 727444.07 | I19: 23385.144 | J19: =I19+B19 -> 24385.144 | K19: =LN(J19) -> 10.101729 | L19: 6722.3966 | M19: =L19+C19 -> 7022.3966 | N19: =LN(M19) -> 8.8568598 | O19: 11374.107 | P19: =O19+D19 -> 11734.107 | Q19: =LN(P19) -> 9.370255 | R19: 19492526 | S19: =R19+G19 -> 20219970 | T19: =LN(S19) -> 16.822181
A20: 2026 | B20: =B19*(1+$B$30) -> 1050.1729 | C20: =C19*(1+$C$30) -> 304.4442 | D20: =D19*(1+$D$30) -> 370.95634 | E20: =C20*$C$33+D20*$D$33+$B$33 -> 563502.81 | G20: =E20*(1+1/3) -> 751337.08 | I20: 24499.376 | J20: =I20+B20 -> 25549.549 | K20: =LN(J20) -> 10.148375 | L20: 6883.5634 | M20: =L20+C20 -> 7188.0076 | N20: =LN(M20) -> 8.8801693 | O20: 12011.68 | P20: =O20+D20 -> 12382.637 | Q20: =LN(P20) -> 9.4240505 | R20: 20010954 | S20: =R20+G20 -> 20762291 | T20: =LN(S20) -> 16.848649
A21: 2027 | B21: =B20*(1+$B$30) -> 1102.8631 | C21: =C20*(1+$C$30) -> 308.95423 | D21: =D20*(1+$D$30) -> 382.24613 | E21: =C21*$C$33+D21*$D$33+$B$33 -> 582241.18 | G21: =E21*(1+1/3) -> 776321.57 | I21: 25666.698 | J21: =I21+B21 -> 26769.561 | K21: =LN(J21) -> 10.195021 | L21: 7048.5941 | M21: =L21+C21 -> 7357.5484 | N21: =LN(M21) -> 8.9034821 | O21: 12684.993 | P21: =O21+D21 -> 13067.239 | Q21: =LN(P21) -> 9.4778635 | R21: 20543171 | S21: =R21+G21 -> 21319493 | T21: =LN(S21) -> 16.875132
A22: 2028 | B22: =B21*(1+$B$30) -> 1158.197 | C22: =C21*(1+$C$30) -> 313.53108 | D22: =D21*(1+$D$30) -> 393.87951 | E22: =C22*$C$33+D22*$D$33+$B$33 -> 601827.12 | G22: =E22*(1+1/3) -> 802436.16 | I22: 26889.639 | J22: =I22+B22 -> 28047.836 | K22: =LN(J22) -> 10.241667 | L22: 7217.5814 | M22: =L22+C22 -> 7531.1125 | N22: =LN(M22) -> 8.926798 | O22: 13396.048 | P22: =O22+D22 -> 13789.927 | Q22: =LN(P22) -> 9.5316937 | R22: 21089543 | S22: =R22+G22 -> 21891979 | T22: =LN(S22) -> 16.901631
A23: 2029 | B23: =B22*(1+$B$30) -> 1216.3071 | C23: =C22*(1+$C$30) -> 318.17573 | D23: =D22*(1+$D$30) -> 405.86695 | E23: =C23*$C$33+D23*$D$33+$B$33 -> 622290.53 | G23: =E23*(1+1/3) -> 829720.71 | I23: 28170.85 | J23: =I23+B23 -> 29387.157 | K23: =LN(J23) -> 10.288313 | L23: 7390.6201 | M23: =L23+C23 -> 7708.7958 | N23: =LN(M23) -> 8.9501173 | O23: 14146.961 | P23: =O23+D23 -> 14552.828 | Q23: =LN(P23) -> 9.5855406 | R23: 21650447 | S23: =R23+G23 -> 22480167 | T23: =LN(S23) -> 16.928144
A24: 2030 | B24: =B23*(1+$B$30) -> 1277.3327 | C24: =C23*(1+$C$30) -> 322.88918 | D24: =D23*(1+$D$30) -> 418.21922 | E24: =C24*$C$33+D24*$D$33+$B$33 -> 643662.29 | G24: =E24*(1+1/3) -> 858216.39 | I24: 29513.107 | J24: =I24+B24 -> 30790.44 | K24: =LN(J24) -> 10.33496 | L24: 7567.8072 | M24: =L24+C24 -> 7890.6964 | N24: =LN(M24) -> 8.9734397 | O24: 14939.966 | P24: =O24+D24 -> 15358.186 | Q24: =LN(P24) -> 9.6394039 | R24: 22226268 | S24: =R24+G24 -> 23084484 | T24: =LN(S24) -> 16.954671
A25: 2031 | B25: =B24*(1+$B$30) -> 1341.4202 | C25: =C24*(1+$C$30) -> 327.67246 | D25: =D24*(1+$D$30) -> 430.94742 | E25: =C25*$C$33+D25*$D$33+$B$33 -> 665974.27 | G25: =E25*(1+1/3) -> 887965.7 | I25: 30919.318 | J25: =I25+B25 -> 32260.739 | K25: =LN(J25) -> 10.381606 | L25: 7749.2424 | M25: =L25+C25 -> 8076.9149 | N25: =LN(M25) -> 8.9967653 | O25: 15777.423 | P25: =O25+D25 -> 16208.371 | Q25: =LN(P25) -> 9.6932831 | R25: 22817404 | S25: =R25+G25 -> 23705370 | T25: =LN(S25) -> 16.981212
A26: 2032 | B26: =B25*(1+$B$30) -> 1408.7232 | C26: =C25*(1+$C$30) -> 332.5266 | D26: =D25*(1+$D$30) -> 444.063 | E26: =C26*$C$33+D26*$D$33+$B$33 -> 689259.39 | G26: =E26*(1+1/3) -> 919012.52 | I26: 32392.531 | J26: =I26+B26 -> 33801.254 | K26: =LN(J26) -> 10.428253 | L26: 7935.0274 | M26: =L26+C26 -> 8267.554 | N26: =LN(M26) -> 9.020094 | O26: 16661.824 | P26: =O26+D26 -> 17105.887 | Q26: =LN(P26) -> 9.747178 | R26: 23424262 | S26: =R26+G26 -> 24343274 | T26: =LN(S26) -> 17.007766
A27: 2033 | B27: =B26*(1+$B$30) -> 1479.4029 | C27: =C26*(1+$C$30) -> 337.45265 | D27: =D26*(1+$D$30) -> 457.57773 | E27: =C27*$C$33+D27*$D$33+$B$33 -> 713551.6 | G27: =E27*(1+1/3) -> 951402.14 | I27: 33935.939 | J27: =I27+B27 -> 35415.341 | K27: =LN(J27) -> 10.4749 | L27: 8125.2666 | M27: =L27+C27 -> 8462.7192 | N27: =LN(M27) -> 9.0434258 | O27: 17595.8 | P27: =O27+D27 -> 18053.377 | Q27: =LN(P27) -> 9.8010881 | R27: 24047260 | S27: =R27+G27 -> 24998662 | T27: =LN(S27) -> 17.034333
A28: 2034 | B28: =B27*(1+$B$30) -> 1553.6289 | C28: =C27*(1+$C$30) -> 342.45167 | D28: =D27*(1+$D$30) -> 471.50378 | E28: =C28*$C$33+D28*$D$33+$B$33 -> 738886 | G28: =E28*(1+1/3) -> 985181.33 | I28: 35552.884 | J28: =I28+B28 -> 37106.513 | K28: =LN(J28) -> 10.521548 | L28: 8320.0666 | M28: =L28+C28 -> 8662.5183 | N28: =LN(M28) -> 9.0667608 | O28: 18582.129 | P28: =O28+D28 -> 19053.633 | Q28: =LN(P28) -> 9.8550131 | R28: 24686828 | S28: =R28+G28 -> 25672009 | T28: =LN(S28) -> 17.060912
A29: 2035 | B29: =B28*(1+$B$30) -> 1631.5789 | C29: =C28*(1+$C$30) -> 347.52475 | D29: =D28*(1+$D$30) -> 485.85366 | E29: =C29*$C$33+D29*$D$33+$B$33 -> 765298.77 | G29: =E29*(1+1/3) -> 1020398.4 | I29: 37246.873 | J29: =I29+B29 -> 38878.452 | K29: =LN(J29) -> 10.568195 | L29: 8519.5369 | M29: =L29+C29 -> 8867.0617 | N29: =LN(M29) -> 9.0900988 | O29: 19623.747 | P29: =O29+D29 -> 20109.601 | Q29: =LN(P29) -> 9.9089526 | R29: 25343406 | S29: =R29+G29 -> 26363804 | T29: =LN(S29) -> 17.087503
A30: growth rate | B30: 0.050172906 | C30: 0.014813997 | D30: 0.030434279
A32: Parameter | B32: (Constant) | C32: Docs | D32: Nurs
B33: 562820.61 | C33: -3935.9875 | D33: 3232.1075
B35: Note: add_OEVs is obtained by increasing the originally calculated OEVs by one-third (due to the reduced travel distance to the new hospital). ln_actual_Beds, ln_actual Docs, ln_actual Nurs and ln_actual OEVs are derived by adding the new hospital's data to the original dataset (the counterfactual scenario data) in order to simulate the impact of the new hospital on changes in these indicators.
B37: Note: For the beds, according to the project construction plan, we simulated additional 1000 beds in 2025. After 2025, we will simulate a 5% increase of additional beds, according to early support documents.
B39: Note：On basis of data from the First Hospital of N City, we estimate changes (from 2025 to 2035) of OVEs using the TSA, and calculate the average growth rate per annum (the last five years) of the Certified (Assistant) Doctors and Nurses. For the certified (assistant) doctors and nurses, the new hospital plans to employ 300 doctors and 360 nurses in 2026 and they will increase at the original rate. we input their changes into the counterfactual data to simulate impact of new hospital.
B41: Note: For the outpatients and emergency cases, we also consider that how much services were added for distance decreased? The relevant article report that the willing distance to pay was 87 km. According to the distance between each district and the hospital, we calculate that there will be a 1/3 increase in services for new hospital. Therefore, we assumed a 1/3 increase in outpatients and emergency cases, before input the changes.

Sheet 8-Result
A1: Supplemental Table S8.1 Robustness of DALY results calculated based on regression coefficients
A2: Year | B2: NDALYs | C2: lnNDALYs | D2: lnNpop | E2: lnNGDP peca | F2: lnHE peca | G2: lnBeds | H2: lnDocs | I2: lnOEVs | J2: lnNDALYs_C | K2: MAPE
A3: 2025 | B3: 318115.26 | C3: 12.670169 | D3: 5.6042298 | E3: 11.830103 | F3: 8.0868168 | G3: 10.059856 | H3: 8.8132 | I3: 16.785542 | J3: =D3*$C$16+E3*$D$16+F3*$E$16+G3*$F$16+H3*$G$16+I3*$H$16+$B$16 -> 12.664788 | K3: =(C3-J3)/C3 -> 0.00042471376
A4: 2026 | B4: 321336.66 | C4: 12.680245 | D4: 5.6061701 | E4: 11.930075 | F4: 8.2352025 | G4: 10.106403 | H4: 8.8368917 | I4: 16.81179 | J4: =D4*$C$16+E4*$D$16+F4*$E$16+G4*$F$16+H4*$G$16+I4*$H$16+$B$16 -> 12.674898 | K4: =(C4-J4)/C4 -> 0.00042165794
A5: 2027 | B5: 324590.68 | C5: 12.69032 | D5: 5.6081104 | E5: 12.030048 | F5: 8.3835882 | G5: 10.15295 | H5: 8.8605835 | I5: 16.838039 | J5: =D5*$C$16+E5*$D$16+F5*$E$16+G5*$F$16+H5*$G$16+I5*$H$16+$B$16 -> 12.685008 | K5: =(C5-J5)/C5 -> 0.00041860697
A6: 2028 | B6: 327877.65 | C6: 12.700396 | D6: 5.6100508 | E6: 12.130021 | F6: 8.531974 | G6: 10.199496 | H6: 8.8842752 | I6: 16.864288 | J6: =D6*$C$16+E6*$D$16+F6*$E$16+G6*$F$16+H6*$G$16+I6*$H$16+$B$16 -> 12.695118 | K6: =(C6-J6)/C6 -> 0.00041556085
A7: 2029 | B7: 331197.91 | C7: 12.710471 | D7: 5.6119911 | E7: 12.229994 | F7: 8.6803597 | G7: 10.246043 | H7: 8.9079669 | I7: 16.890537 | J7: =D7*$C$16+E7*$D$16+F7*$E$16+G7*$F$16+H7*$G$16+I7*$H$16+$B$16 -> 12.705228 | K7: =(C7-J7)/C7 -> 0.00041251955
A8: 2030 | B8: 334551.79 | C8: 12.720547 | D8: 5.6139315 | E8: 12.329966 | F8: 8.8287454 | G8: 10.29259 | H8: 8.9316586 | I8: 16.916785 | J8: =D8*$C$16+E8*$D$16+F8*$E$16+G8*$F$16+H8*$G$16+I8*$H$16+$B$16 -> 12.715338 | K8: =(C8-J8)/C8 -> 0.00040948307
A9: 2031 | B9: 337939.63 | C9: 12.730623 | D9: 5.6158718 | E9: 12.429939 | F9: 8.9771311 | G9: 10.339136 | H9: 8.9553504 | I9: 16.943034 | J9: =D9*$C$16+E9*$D$16+F9*$E$16+G9*$F$16+H9*$G$16+I9*$H$16+$B$16 -> 12.725448 | K9: =(C9-J9)/C9 -> 0.0004064514
A10: 2032 | B10: 341361.78 | C10: 12.740698 | D10: 5.6178121 | E10: 12.529912 | F10: 9.1255169 | G10: 10.385683 | H10: 8.9790421 | I10: 16.969283 | J10: =D10*$C$16+E10*$D$16+F10*$E$16+G10*$F$16+H10*$G$16+I10*$H$16+$B$16 -> 12.735558 | K10: =(C10-J10)/C10 -> 0.00040342452
A11: 2033 | B11: 344818.59 | C11: 12.750774 | D11: 5.6197525 | E11: 12.629884 | F11: 9.2739026 | G11: 10.43223 | H11: 9.0027338 | I11: 16.995532 | J11: =D11*$C$16+E11*$D$16+F11*$E$16+G11*$F$16+H11*$G$16+I11*$H$16+$B$16 -> 12.745668 | K11: =(C11-J11)/C11 -> 0.00040040243
A12: 2034 | B12: 348310.4 | C12: 12.760849 | D12: 5.6216928 | E12: 12.729857 | F12: 9.4222883 | G12: 10.478777 | H12: 9.0264255 | I12: 17.02178 | J12: =D12*$C$16+E12*$D$16+F12*$E$16+G12*$F$16+H12*$G$16+I12*$H$16+$B$16 -> 12.755778 | K12: =(C12-J12)/C12 -> 0.00039738511
A13: 2035 | B13: 351837.57 | C13: 12.770925 | D13: 5.6236331 | E13: 12.82983 | F13: 9.570674 | G13: 10.525323 | H13: 9.0501173 | I13: 17.048029 | J13: =D13*$C$16+E13*$D$16+F13*$E$16+G13*$F$16+H13*$G$16+I13*$H$16+$B$16 -> 12.765888 | K13: =(C13-J13)/C13 -> 0.00039437255
A15: Parameter | B15: (Constant) | C15: lnNapop | D15: lnNaGDP peca | E15: lnHE peca | F15: lnBeds | G15: lnDocs | H15: lnOVs | I15: e | J15: Exchange rate （CNY：USD）
B16: 6.596 | C16: 0.943 | D16: 0.151 | E16: -0.024 | F16: -0.099 | G16: 0.107 | H16: -0.045 | I16: =EXP(1) -> 2.7182818 | J16: 0.14
A18: Supplemental Table S8.2 Compare the differences between factual and counterfactual scenarios and calculate the socioeconomic benefits.
A19: Comparison of DALY differences across scenarios | O19: Economic Benefits (after project implementation) | S19: Time of discounting | T19: Discount 3%_Economic Benefits (after project implementation),CNY | X19: Discount 3%_Economic Benefits (after project implementation),USD
A20: Year | B20: NDALYs | C20: lnNDALYs | D20: lnNpop | E20: lnNGDP peca | F20: lnHE peca | G20: lnBeds | H20: lnDocs | I20: lnOEVs | J20: lnNDALYs_Actual | K20: NaGDP peca | L20: DALYs Averted | M20: DALYs Averted (%) | O20: Cost savings（47%GDP） | P20: Cost savings（88%GDP） | Q20: Cost savings（1 times GDP） | R20: Cost savings（3 times GDP） | T20: Cost savings（47%GDP） | U20: Cost savings（88%GDP） | V20: Cost savings（1 times GDP） | W20: Cost savings（3 times GDP） | X20: Cost savings（47%GDP） | Y20: Cost savings（88%GDP） | Z20: Cost savings（1 times GDP） | AA20: Cost savings（3 times GDP）
A21: 2025 | B21: 318115.26 | C21: 12.670169 | D21: 5.6042298 | E21: 11.830103 | F21: 8.0868168 | G21: ='7-Simulation Setting'!K19 -> 10.101729 | H21: ='7-Simulation Setting'!N19 -> 8.8568598 | I21: ='7-Simulation Setting'!T19 -> 16.822181 | J21: =D21*$C$16+E21*$D$16+F21*$E$16+G21*$F$16+H21*$G$16+I21*$H$16+$B$16 -> 12.663665 | K21: 137324.6 | L21: =B21-$I$16^J21 -> 2062.2503 | M21: =L21/B21 -> 0.006482714 | O21: =$L21*$K21*0.47 -> 1.3310292e+08 | P21: =$L21*$K21*0.88 -> 2.4921397e+08 | Q21: =$L21*$K21 -> 2.8319769e+08 | R21: =$L21*$K21*3 -> 8.4959308e+08 | S21: 0 | T21: =O21/((1+3%)^$S21) -> 1.3310292e+08 | U21: =P21/((1+3%)^$S21) -> 2.4921397e+08 | V21: =Q21/((1+3%)^$S21) -> 2.8319769e+08 | W21: =R21/((1+3%)^$S21) -> 8.4959308e+08 | X21: =T21*$J$16 -> 18634408 | Y21: =U21*$J$16 -> 34889956 | Z21: =V21*$J$16 -> 39647677 | AA21: =W21*$J$16 -> 1.1894303e+08
A22: 2026 | B22: 321336.66 | C22: 12.680245 | D22: 5.6061701 | E22: 11.930075 | F22: 8.2352025 | G22: ='7-Simulation Setting'!K20 -> 10.148375 | H22: ='7-Simulation Setting'!N20 -> 8.8801693 | I22: ='7-Simulation Setting'!T20 -> 16.848649 | J22: =D22*$C$16+E22*$D$16+F22*$E$16+G22*$F$16+H22*$G$16+I22*$H$16+$B$16 -> 12.673715 | K22: 151763.01 | L22: =B22-$I$16^J22 -> 2091.4576 | M22: =L22/B22 -> 0.006508618 | O22: =$L22*$K22*0.47 -> 1.4918077e+08 | P22: =$L22*$K22*0.88 -> 2.7931719e+08 | Q22: =$L22*$K22 -> 3.174059e+08 | R22: =$L22*$K22*3 -> 9.522177e+08 | S22: 1 | T22: =O22/((1+3%)^$S22) -> 1.448357e+08 | U22: =P22/((1+3%)^$S22) -> 2.7118174e+08 | V22: =Q22/((1+3%)^$S22) -> 3.0816107e+08 | W22: =R22/((1+3%)^$S22) -> 9.2448321e+08 | X22: =T22*$J$16 -> 20276998 | Y22: =U22*$J$16 -> 37965444 | Z22: =V22*$J$16 -> 43142550 | AA22: =W22*$J$16 -> 1.2942765e+08
A23: 2027 | B23: 324590.68 | C23: 12.69032 | D23: 5.6081104 | E23: 12.030048 | F23: 8.3835882 | G23: ='7-Simulation Setting'!K21 -> 10.195021 | H23: ='7-Simulation Setting'!N21 -> 8.9034821 | I23: ='7-Simulation Setting'!T21 -> 16.875132 | J23: =D23*$C$16+E23*$D$16+F23*$E$16+G23*$F$16+H23*$G$16+I23*$H$16+$B$16 -> 12.683764 | K23: 167719.49 | L23: =B23-$I$16^J23 -> 2121.1664 | M23: =L23/B23 -> 0.0065348962 | O23: =$L23*$K23*0.47 -> 1.6720765e+08 | P23: =$L23*$K23*0.88 -> 3.1306963e+08 | Q23: =$L23*$K23 -> 3.5576095e+08 | R23: =$L23*$K23*3 -> 1.0672828e+09 | S23: 2 | T23: =O23/((1+3%)^$S23) -> 1.5760924e+08 | U23: =P23/((1+3%)^$S23) -> 2.9509816e+08 | V23: =Q23/((1+3%)^$S23) -> 3.3533881e+08 | W23: =R23/((1+3%)^$S23) -> 1.0060164e+09 | X23: =T23*$J$16 -> 22065294 | Y23: =U23*$J$16 -> 41313742 | Z23: =V23*$J$16 -> 46947434 | AA23: =W23*$J$16 -> 1.408423e+08
A24: 2028 | B24: 327877.65 | C24: 12.700396 | D24: 5.6100508 | E24: 12.130021 | F24: 8.531974 | G24: ='7-Simulation Setting'!K22 -> 10.241667 | H24: ='7-Simulation Setting'!N22 -> 8.926798 | I24: ='7-Simulation Setting'!T22 -> 16.901631 | J24: =D24*$C$16+E24*$D$16+F24*$E$16+G24*$F$16+H24*$G$16+I24*$H$16+$B$16 -> 12.693813 | K24: 185353.64 | L24: =B24-$I$16^J24 -> 2151.3782 | M24: =L24/B24 -> 0.0065615276 | O24: =$L24*$K24*0.47 -> 1.8741993e+08 | P24: =$L24*$K24*0.88 -> 3.509139e+08 | Q24: =$L24*$K24 -> 3.987658e+08 | R24: =$L24*$K24*3 -> 1.1962974e+09 | S24: 3 | T24: =O24/((1+3%)^$S24) -> 1.7151578e+08 | U24: =P24/((1+3%)^$S24) -> 3.2113593e+08 | V24: =Q24/((1+3%)^$S24) -> 3.649272e+08 | W24: =R24/((1+3%)^$S24) -> 1.0947816e+09 | X24: =T24*$J$16 -> 24012209 | Y24: =U24*$J$16 -> 44959031 | Z24: =V24*$J$16 -> 51089807 | AA24: =W24*$J$16 -> 1.5326942e+08
A25: 2029 | B25: 331197.91 | C25: 12.710471 | D25: 5.6119911 | E25: 12.229994 | F25: 8.6803597 | G25: ='7-Simulation Setting'!K23 -> 10.288313 | H25: ='7-Simulation Setting'!N23 -> 8.9501173 | I25: ='7-Simulation Setting'!T23 -> 16.928144 | J25: =D25*$C$16+E25*$D$16+F25*$E$16+G25*$F$16+H25*$G$16+I25*$H$16+$B$16 -> 12.703861 | K25: 204841.87 | L25: =B25-$I$16^J25 -> 2182.0947 | M25: =L25/B25 -> 0.0065884918 | O25: =$L25*$K25*0.47 -> 2.1008265e+08 | P25: =$L25*$K25*0.88 -> 3.9334623e+08 | Q25: =$L25*$K25 -> 4.4698435e+08 | R25: =$L25*$K25*3 -> 1.3409531e+09 | S25: 4 | T25: =O25/((1+3%)^$S25) -> 1.8665571e+08 | U25: =P25/((1+3%)^$S25) -> 3.4948303e+08 | V25: =Q25/((1+3%)^$S25) -> 3.9713981e+08 | W25: =R25/((1+3%)^$S25) -> 1.1914194e+09 | X25: =T25*$J$16 -> 26131799 | Y25: =U25*$J$16 -> 48927624 | Z25: =V25*$J$16 -> 55599573 | AA25: =W25*$J$16 -> 1.6679872e+08
A26: 2030 | B26: 334551.79 | C26: 12.720547 | D26: 5.6139315 | E26: 12.329966 | F26: 8.8287454 | G26: ='7-Simulation Setting'!K24 -> 10.33496 | H26: ='7-Simulation Setting'!N24 -> 8.9734397 | I26: ='7-Simulation Setting'!T24 -> 16.954671 | J26: =D26*$C$16+E26*$D$16+F26*$E$16+G26*$F$16+H26*$G$16+I26*$H$16+$B$16 -> 12.713909 | K26: 226379.1 | L26: =B26-$I$16^J26 -> 2213.3174 | M26: =L26/B26 -> 0.0066157691 | O26: =$L26*$K26*0.47 -> 2.3549293e+08 | P26: =$L26*$K26*0.88 -> 4.4092294e+08 | Q26: =$L26*$K26 -> 5.0104879e+08 | R26: =$L26*$K26*3 -> 1.5031464e+09 | S26: 5 | T26: =O26/((1+3%)^$S26) -> 2.0313827e+08 | U26: =P26/((1+3%)^$S26) -> 3.80344e+08 | V26: =Q26/((1+3%)^$S26) -> 4.3220909e+08 | W26: =R26/((1+3%)^$S26) -> 1.2966273e+09 | X26: =T26*$J$16 -> 28439358 | Y26: =U26*$J$16 -> 53248160 | Z26: =V26*$J$16 -> 60509273 | AA26: =W26*$J$16 -> 1.8152782e+08
A27: 2031 | B27: 337939.63 | C27: 12.730623 | D27: 5.6158718 | E27: 12.429939 | F27: 8.9771311 | G27: ='7-Simulation Setting'!K25 -> 10.381606 | H27: ='7-Simulation Setting'!N25 -> 8.9967653 | I27: ='7-Simulation Setting'!T25 -> 16.981212 | J27: =D27*$C$16+E27*$D$16+F27*$E$16+G27*$F$16+H27*$G$16+I27*$H$16+$B$16 -> 12.723957 | K27: 250180.77 | L27: =B27-$I$16^J27 -> 2245.0481 | M27: =L27/B27 -> 0.0066433405 | O27: =$L27*$K27*0.47 -> 2.6398389e+08 | P27: =$L27*$K27*0.88 -> 4.942677e+08 | Q27: =$L27*$K27 -> 5.6166784e+08 | R27: =$L27*$K27*3 -> 1.6850035e+09 | S27: 6 | T27: =O27/((1+3%)^$S27) -> 2.2108235e+08 | U27: =P27/((1+3%)^$S27) -> 4.1394142e+08 | V27: =Q27/((1+3%)^$S27) -> 4.7038797e+08 | W27: =R27/((1+3%)^$S27) -> 1.4111639e+09 | X27: =T27*$J$16 -> 30951529 | Y27: =U27*$J$16 -> 57951798 | Z27: =V27*$J$16 -> 65854316 | AA27: =W27*$J$16 -> 1.9756295e+08
A28: 2032 | B28: 341361.78 | C28: 12.740698 | D28: 5.6178121 | E28: 12.529912 | F28: 9.1255169 | G28: ='7-Simulation Setting'!K26 -> 10.428253 | H28: ='7-Simulation Setting'!N26 -> 9.020094 | I28: ='7-Simulation Setting'!T26 -> 17.007766 | J28: =D28*$C$16+E28*$D$16+F28*$E$16+G28*$F$16+H28*$G$16+I28*$H$16+$B$16 -> 12.734005 | K28: 276484.96 | L28: =B28-$I$16^J28 -> 2277.2885 | M28: =L28/B28 -> 0.0066711875 | O28: =$L28*$K28*0.47 -> 2.9592892e+08 | P28: =$L28*$K28*0.88 -> 5.5407969e+08 | Q28: =$L28*$K28 -> 6.2963601e+08 | R28: =$L28*$K28*3 -> 1.888908e+09 | S28: 7 | T28: =O28/((1+3%)^$S28) -> 2.406173e+08 | U28: =P28/((1+3%)^$S28) -> 4.5051749e+08 | V28: =Q28/((1+3%)^$S28) -> 5.1195169e+08 | W28: =R28/((1+3%)^$S28) -> 1.5358551e+09 | X28: =T28*$J$16 -> 33686421 | Y28: =U28*$J$16 -> 63072449 | Z28: =V28*$J$16 -> 71673237 | AA28: =W28*$J$16 -> 2.1501971e+08
A29: 2033 | B29: 344818.59 | C29: 12.750774 | D29: 5.6197525 | E29: 12.629884 | F29: 9.2739026 | G29: ='7-Simulation Setting'!K27 -> 10.4749 | H29: ='7-Simulation Setting'!N27 -> 9.0434258 | I29: ='7-Simulation Setting'!T27 -> 17.034333 | J29: =D29*$C$16+E29*$D$16+F29*$E$16+G29*$F$16+H29*$G$16+I29*$H$16+$B$16 -> 12.744052 | K29: 305554.8 | L29: =B29-$I$16^J29 -> 2310.0405 | M29: =L29/B29 -> 0.0066992922 | O29: =$L29*$K29*0.47 -> 3.3174666e+08 | P29: =$L29*$K29*0.88 -> 6.2114267e+08 | Q29: =$L29*$K29 -> 7.0584395e+08 | R29: =$L29*$K29*3 -> 2.1175318e+09 | S29: 8 | T29: =O29/((1+3%)^$S29) -> 2.6188387e+08 | U29: =P29/((1+3%)^$S29) -> 4.9033576e+08 | V29: =Q29/((1+3%)^$S29) -> 5.5719973e+08 | W29: =R29/((1+3%)^$S29) -> 1.6715992e+09 | X29: =T29*$J$16 -> 36663742 | Y29: =U29*$J$16 -> 68647007 | Z29: =V29*$J$16 -> 78007962 | AA29: =W29*$J$16 -> 2.3402389e+08
A30: 2034 | B30: 348310.4 | C30: 12.760849 | D30: 5.6216928 | E30: 12.729857 | F30: 9.4222883 | G30: ='7-Simulation Setting'!K28 -> 10.521548 | H30: ='7-Simulation Setting'!N28 -> 9.0667608 | I30: ='7-Simulation Setting'!T28 -> 17.060912 | J30: =D30*$C$16+E30*$D$16+F30*$E$16+G30*$F$16+H30*$G$16+I30*$H$16+$B$16 -> 12.754099 | K30: 337681.06 | L30: =B30-$I$16^J30 -> 2343.306 | M30: =L30/B30 -> 0.0067276373 | O30: =$L30*$K30*0.47 -> 3.7190633e+08 | P30: =$L30*$K30*0.88 -> 6.9633525e+08 | Q30: =$L30*$K30 -> 7.9129006e+08 | R30: =$L30*$K30*3 -> 2.3738702e+09 | S30: 9 | T30: =O30/((1+3%)^$S30) -> 2.8503523e+08 | U30: =P30/((1+3%)^$S30) -> 5.3368299e+08 | V30: =Q30/((1+3%)^$S30) -> 6.0645794e+08 | W30: =R30/((1+3%)^$S30) -> 1.8193738e+09 | X30: =T30*$J$16 -> 39904933 | Y30: =U30*$J$16 -> 74715619 | Z30: =V30*$J$16 -> 84904112 | AA30: =W30*$J$16 -> 2.5471234e+08
A31: 2035 | B31: 351837.57 | C31: 12.770925 | D31: 5.6236331 | E31: 12.82983 | F31: 9.570674 | G31: ='7-Simulation Setting'!K29 -> 10.568195 | H31: ='7-Simulation Setting'!N29 -> 9.0900988 | I31: ='7-Simulation Setting'!T29 -> 17.087503 | J31: =D31*$C$16+E31*$D$16+F31*$E$16+G31*$F$16+H31*$G$16+I31*$H$16+$B$16 -> 12.764146 | K31: 373185.1 | L31: =B31-$I$16^J31 -> 2377.0871 | M31: =L31/B31 -> 0.0067562061 | O31: =$L31*$K31*0.47 -> 4.1693395e+08 | P31: =$L31*$K31*0.88 -> 7.8064228e+08 | Q31: =$L31*$K31 -> 8.870935e+08 | R31: =$L31*$K31*3 -> 2.6612805e+09 | S31: 10 | T31: =O31/((1+3%)^$S31) -> 3.1023801e+08 | U31: =P31/((1+3%)^$S31) -> 5.8087117e+08 | V31: =Q31/((1+3%)^$S31) -> 6.6008088e+08 | W31: =R31/((1+3%)^$S31) -> 1.9802426e+09 | X31: =T31*$J$16 -> 43433322 | Y31: =U31*$J$16 -> 81321964 | Z31: =V31*$J$16 -> 92411323 | AA31: =W31*$J$16 -> 2.7723397e+08
A32: AVG | B32: =AVERAGE(B21:B31) -> 334721.63 | C32: =AVERAGE(C21:C31) -> 12.720547 | D32: =AVERAGE(D21:D31) -> 5.6139315 | E32: =AVERAGE(E21:E31) -> 12.329966 | F32: =AVERAGE(F21:F31) -> 8.8287454 | G32: =AVERAGE(G21:G31) -> 10.334961 | H32: =AVERAGE(H21:H31) -> 8.9734555 | I32: =AVERAGE(I21:I31) -> 16.954739 | ... M32: =AVERAGE(M21:M31) -> 0.0066172437 | O32: =AVERAGE(O21:O31) -> 2.511806e+08 | P32: =AVERAGE(P21:P31) -> 4.7029559e+08 | Q32: =AVERAGE(Q21:Q31) -> 5.344268e+08 | R32: =AVERAGE(R21:R31) -> 1.6032804e+09 | T32: =AVERAGE(T21:T31) -> 2.1051949e+08 | U32: =AVERAGE(U21:U31) -> 3.9416415e+08 | V32: =AVERAGE(V21:V31) -> 4.4791381e+08 | W32: =AVERAGE(W21:W31) -> 1.3437414e+09 | X32: =AVERAGE(X21:X31) -> 29472729 | Y32: =AVERAGE(Y21:Y31) -> 55182981 | Z32: =AVERAGE(Z21:Z31) -> 62707933 | AA32: =AVERAGE(AA21:AA31) -> 1.881238e+08
A33: SUM | B33: =SUM(B21:B31) -> 3681937.9 | C33: =SUM(C21:C31) -> 139.92602 | D33: =SUM(D21:D31) -> 61.753246 | E33: =SUM(E21:E31) -> 135.62963 | F33: =SUM(F21:F31) -> 97.1162 | G33: =SUM(G21:G31) -> 113.68457 | H33: =SUM(H21:H31) -> 98.708011 | I33: =SUM(I21:I31) -> 186.50213 | ... M33: =SUM(M21:M31) -> 0.07278968 | O33: =SUM(O21:O31) -> 2.7629866e+09 | P33: =SUM(P21:P31) -> 5.1732515e+09 | Q33: =SUM(Q21:Q31) -> 5.8786949e+09 | R33: =SUM(R21:R31) -> 1.7636085e+10 | T33: =SUM(T21:T31) -> 2.3157144e+09 | U33: =SUM(U21:U31) -> 4.3358057e+09 | V33: =SUM(V21:V31) -> 4.9270519e+09 | W33: =SUM(W21:W31) -> 1.4781156e+10 | X33: =SUM(X21:X31) -> 3.2420001e+08 | Y33: =SUM(Y21:Y31) -> 6.0701279e+08 | Z33: =SUM(Z21:Z31) -> 6.8978726e+08 | AA33: =SUM(AA21:AA31) -> 2.0693618e+09
A35: Not：lnNDALYs_C is the DALYs calculated based on regression coefficients.
A37: Note：lnNDALYs_Actual is the DALYs calculated using the adjusted indicator values and the regression coefficients, representing the DALYs under the factual scenario. The indicators highlighted in red are those that have been adjusted due to the impact of the new hospital.
